 Dungeon Crawl Stone Soup version 0.30-b1-2-g02819fbbbe (webtiles) character file.

Game seed: 587075053312745663

32970 LLlMATKO the Fighter (level 13, -8/122 HPs)
             Began as a Minotaur Berserker on Aug 28, 2023.
             Was a High Priest of Trog.
             Engulfed by a fire crab's flame (35 damage)
             ... on level 3 of the Lair of Beasts.
             The game lasted 00:14:41 (16237 turns).

LLlMATKO the Fighter (Minotaur Berserker)          Turns: 16237, Time: 00:14:42

Health: -8/122     AC: 13    Str: 39    XL:     13   Next: 34%
Magic:  12/12      EV: 14    Int:  4    God:    Trog [*****.]
Gold:   652        SH: 16    Dex: 10    Spells: 12/12 levels left

rFire   . . .        P - +0 broad axe (flame)
rCold   . . .        s - +0 kite shield
rNeg    . . .        b - +0 ring mail {rPois}
rPois   +            (helmet restricted)
rElec   .            (no cloak)
rCorr   .            l - +0 pair of gloves
SInv    .            M - +2 pair of boots
Will    .....        f - amulet of reflection Stlth
                     t - +6 ring of strength
HPRegen 0.40/turn    Y - +6 ring of strength
MPRegen 0.13/turn

%: reflection
@: on berserk cooldown, slowed, very slow
A: horns 2, retaliatory headbutt
a: Renounce Religion, Berserk, Trog's Hand, Brothers in Arms


You were on level 3 of the Lair of Beasts.
You worshipped Trog.
Trog was extremely pleased with you.
You visited 2 branches of the dungeon, and saw 13 of its levels.
You also visited: Sewer.

You collected 742 gold pieces.
You spent 90 gold pieces at shops.

Inventory:

Hand Weapons
 u - a +4 battleaxe of venom
 y - a +2 war axe of freezing
 G - a +4 hand axe of freezing
 P - a +0 broad axe of flaming (weapon)
Missiles
 o - 3 javelins (quivered)
 D - 28 poisoned darts
 Q - 5 curare-tipped darts
Armour
 b - a +0 ring mail of poison resistance (worn)
 l - a +0 pair of gloves (worn)
 s - a +0 kite shield (worn)
 M - a +2 pair of boots (worn)
 X - the +6 scale mail of the Little Devil {rF- rC++ Regen+}
   (You found it on level 1 of the Lair of Beasts)

   rF:        It makes you vulnerable to fire.
   rC:        It greatly protects you from cold.
   Regen:     It increases your rate of health regeneration.
Jewellery
 f - an amulet of reflection (around neck)
 t - a +6 ring of strength (left hand)
 R - a ring of resist corrosion
 S - a +4 ring of protection
 V - a ring of ice
 W - a +6 ring of dexterity
 Y - a +6 ring of strength (right hand)
Wands
 n - a wand of iceblast (12)
 I - a wand of polymorph (12)
 L - a wand of charming (7)
 O - a wand of flame (5)
 T - a wand of quicksilver (2)
Scrolls
 a - a scroll of summoning {unknown}
 d - 6 scrolls of teleportation
 e - 8 scrolls of identify
 j - a scroll of fog
 p - 3 scrolls of enchant armour {unknown}
 v - 2 scrolls of noise {unknown}
 B - a scroll of magic mapping {unknown}
 C - 2 scrolls of fear
 H - a scroll of immolation {unknown}
 J - a scroll of enchant weapon {unknown}
 K - a scroll of poison
 N - a scroll of blinking {unknown}
Potions
 c - 3 potions of attraction {unknown}
 g - 6 potions of curing {unknown}
 h - a potion of experience {unknown}
 i - 3 potions of flight {unknown}
 k - 4 potions of haste
 m - a potion of resistance {unknown}
 q - 6 potions of heal wounds
 r - 5 potions of magic {unknown}
 w - 5 potions of mutation {unknown}
 x - 3 potions of degeneration {unknown}
 z - 2 potions of lignification {unknown}
 A - a potion of might {unknown}
 E - a potion of berserk rage {unknown}
 F - 3 potions of invisibility {unknown}
 U - a potion of cancellation {unknown}
 Z - a potion of ambrosia {unknown}


   Skills:
 + Level 13.0 Fighting
 + Level 13.0 Axes
 + Level 12.7 Armour
 + Level 11.7 Dodging
 + Level 11.9 Shields


You had 12 spell levels left.
You didn't know any spells.
Your spell library was empty.

Dungeon Overview and Level Annotations

Branches:
Dungeon (10/15)            Temple (0/1) D:5            Lair (3/5) D:9
  Swamp (0/4) Lair:2       Spider (0/4) Lair:3          Orc (0/2) D:9
  Sewer (visited)

Altars:
Cheibriados
Dithmenos
Fedhas
Kikubaaqudgha
Nemelex Xobeh
Okawaru
Qazlal
Ru
Sif Muna
Trog
Yredelemnul

Shops:
D:2 *   D:4 [   D:5 *

Portals:
Abyss: Lair:2

Annotations:
D:3 3 runed translucent doors, coenern's ghost, weakling DESu
Lair:2 2 transporters, diocancan's ghost, journeyman DgAE


Innate Abilities, Weirdness & Mutations

You have a pair of horns on your head.
You reflexively headbutt those who attack you in melee.


Message History

The entropy weaver is lightly wounded.
You block the entropy weaver's attack. x3
The entropy weaver barely misses you.
You chop the entropy weaver into pieces!!!
You burn the entropy weaver!
Your headbutt misses the entropy weaver.
The entropy weaver is severely wounded.
A fire crab comes into view.
The entropy weaver closely misses you. You furiously retaliate!
You headbutt the entropy weaver!!
You kill the entropy weaver!
Trog accepts your kill.
Trog appreciates your killing of a magic user.
The fire crab breathes flames at you.
You see here a fire crab corpse.
You feel a strong urge to attack something.
You are engulfed in blazing flames.
You are engulfed in blazing flames.
You see here an ogre skeleton.
You feel your anger nearly subside.
You are engulfed in blazing flames.
You are no longer berserk.
You are exhausted.
You feel yourself slow down.
You are engulfed in blazing flames.
The fire crab breathes flames at you.
You are engulfed in blazing flames.
You see here a minotaur skeleton.
The fire crab breathes flames at you.
You are engulfed in blazing flames.
You see here an entropy weaver corpse.
The fire crab breathes flames at you.
You see here a fire crab corpse.
You are engulfed in blazing flames.
* * * LOW HITPOINT WARNING * * *
You see here a minotaur skeleton.
The fire crab breathes flames at you. The blast of flame misses you.
You are engulfed in blazing flames.
You die...

.....## ###...# #.######..#
......###.#.P## #.# #P.##
.............P# #°# #..##
.......#.##..## #t# ##..#
..#(.######...# #÷# ##..## ..##.#
####...# #○# ##....#
..#..###PP...## #○###......
.....P#....°###########†#..#.#...
.....P.....°°°°°@○°°○t÷.###.##P..
....P.P....°°°###########.#####..
....##...P....##..#.####.## ###.
....###......###...#.##(..# ##...
.....##......#...#........###.#..
....#....#....#..###.####........
.........#.......#...####........
...#.....#P......#..###.##..##...
....#.....P........)# ##....####.


You could see a fire crab.

Vanquished Creatures
  2 entropy weavers (Lair:3)
  A two-headed ogre (D:10)
  Nergalle (Lair:2)
  3 fire crabs (Lair:3)
  2 skysharks
  5 bog bodies (Lair:2)
  2 manticores (Lair:2)
  9 elephants (Lair:2)
  4 cane toads
  Maggie (D:7)
  An unseen horror zombie (D:8)
  Psyche (D:10)
  3 rime drakes (Lair:2)
  A komodo dragon (Lair:2)
  2 trolls
  A queen bee (Lair:2)
  2 polar bears
  A hornet (D:8)
  7 dream sheep (Lair:3)
  14 blink frogs
  A jumping spider (Lair:3)
  A wraith (D:8)
  23 yaks
  2 humans (D:10)
  2 wyverns
  2 steam dragons (Lair:2)
  A swamp worm (Lair:2)
  An acid dragon (D:9)
  8 water moccasins
  Duvessa (D:7)
  3 orc warriors
  Pargi (Sewer)
  4 black bears
  3 centaurs
  5 ogres
  9 wolves
  2 bullfrogs
  4 kobold brigands
  3 gnoll sergeants
  3 necrophages (D:5)
  4 wyvern zombies
  2 scorpions
  18 wights
  3 water moccasin zombies (D:5)
  Dowan (D:7)
  30 killer bees
  2 electric eels
  4 howler monkeys
  A bullfrog zombie (D:5)
  A human zombie (D:5)
  A centaur zombie (D:5)
  4 hounds
  2 jellies (D:6)
  5 orc priests
  3 sleepcaps
  5 iguanas
  8 orc wizards
  Jessica (D:3)
  A gnoll bouda (D:9)
  7 hell rats (Lair:3)
  A killer bee zombie (D:8)
  A hound zombie (D:5)
  A howler monkey zombie (D:8)
  20 gnolls
  6 adders
  2 river rats (Lair:2)
  A shadow imp (D:6)
  A white imp (D:5)
  3 ufetubi
  4 worms
  3 dart slugs
  39 orcs
  6 endoplasms
  A giant cockroach (D:4)
  5 goblins
  4 hobgoblins
  5 jackals
  4 quokkas
  10 ball pythons
  12 bats
  2 frilled lizards (Sewer)
  12 kobolds
  9 rats
397 creatures vanquished.

Vanquished Creatures (collateral kills)
  A troll (D:9)
  An orc warrior (D:9)
  2 kobold brigands (D:9)
  A gnoll sergeant (D:9)
  A killer bee (Lair:2)
  A howler monkey (D:9)
  A gnoll (D:9)
8 creatures vanquished.

Vanquished Creatures (others)
  5 fungi
  22 plants
  2 withered plants (D:8)
29 creatures vanquished.

Grand Total: 434 creatures vanquished

Notes
Turn   | Place    | Note
-------+----------+-------------------------------------------
     0 | D:1      | LLlMATKO the Minotaur Berserker began the quest for the
                  | Orb.
     0 | D:1      | Reached XP level 1. HP: 19/19 MP: 0/0
   196 | D:1      | Reached XP level 2. HP: 24/27 MP: 1/1
   752 | D:2      | Reached XP level 3. HP: 12/33 MP: 2/2
   944 | D:2      | Reached ** piety under Trog
   973 | D:2      | Found Nucyduwo's General Store.
  1760 | D:3      | Noticed Jessica
  1764 | D:3      | Killed Jessica
  1765 | D:3      | Reached XP level 4. HP: 41/41 MP: 3/3
  1874 | D:3      | Noticed coenern's ghost (weakling DESu)
  2005 | D:3      | Found a blossoming altar of Fedhas.
  2023 | D:3      | Found a sparkling altar of Nemelex Xobeh.
  2302 | D:3      | Found a runed translucent gate.
  2303 | D:3      | Found a runed translucent gate.
  2303 | D:3      | Found a runed translucent gate.
  2585 | D:4      | Noticed a black bear
  2589 | D:4      | Reached XP level 5. HP: 47/47 MP: 4/4
  2590 | D:4      | Reached *** piety under Trog
  2630 | D:4      | Killed a black bear
  2631 | D:4      | Reached skill level 5 in Fighting
  2631 | D:4      | Reached skill level 5 in Axes
  2668 | D:4      | Noticed a black bear
  2674 | D:4      | Killed a black bear
  2675 | D:4      | Reached XP level 6. HP: 56/56 MP: 5/5
  2870 | D:4      | Found Gammucwuext's Antique Armour Emporium.
  2939 | D:4      | Bought a kite shield for 90 gold pieces
  3111 | D:4      | Found a stormy altar of Qazlal.
  3210 | D:4      | Reached skill level 1 in Shields
  3281 | D:4      | Reached skill level 5 in Armour
  3281 | D:4      | Reached XP level 7. HP: 62/62 MP: 6/6
  3459 | D:5      | Entered Level 5 of the Dungeon
  3751 | D:5      | Found a basalt altar of Yredelemnul.
  3763 | D:5      | Reached skill level 5 in Dodging
  3866 | D:5      | Reached XP level 8. HP: 71/71 MP: 7/7
  4157 | D:5      | Found a staircase to the Ecumenical Temple.
  4430 | D:5      | Found Secry's Assorted Antiques.
  4736 | D:6      | Reached **** piety under Trog
  4927 | D:6      | Found a glowing drain.
  4946 | Sewer    | Entered a sewer
  5041 | Sewer    | Noticed Pargi
  5052 | Sewer    | Killed Pargi
  5203 | D:6      | Reached XP level 9. HP: 79/79 MP: 8/8
  5335 | D:6      | Reached skill level 5 in Shields
  5382 | D:6      | Found a shimmering blue altar of Sif Muna.
  5618 | D:6      | Found a sacrificial altar of Ru.
  5717 | D:6      | Found a shadowy altar of Dithmenos.
  5752 | D:6      | Found an ancient bone altar of Kikubaaqudgha.
  6049 | D:7      | Noticed Duvessa
  6049 | D:7      | Noticed Dowan
  6059 | D:7      | Killed Duvessa
  6059 | D:7      | Killed Dowan
  6487 | D:7      | Noticed Maggie
  6497 | D:7      | Killed Maggie
  7530 | D:8      | Reached ***** piety under Trog
  7810 | D:8      | Reached XP level 10. HP: 60/90 MP: 9/9
  8472 | D:8      | Found a bloodstained altar of Trog.
  8698 | D:9      | Found a staircase to the Orcish Mines.
  8892 | D:9      | Found a staircase to the Lair.
  8940 | D:9      | Received a gift from Trog
  9587 | D:10     | Entered Level 10 of the Dungeon
  9614 | D:10     | Reached skill level 10 in Fighting
  9614 | D:10     | Reached skill level 10 in Axes
  9633 | D:10     | Found an iron altar of Okawaru.
  9649 | D:10     | Reached XP level 11. HP: 77/99 MP: 10/10
  9943 | D:10     | Noticed a two-headed ogre
  9949 | D:10     | Killed a two-headed ogre
 10069 | D:10     | Noticed Psyche
 10076 | D:10     | Killed Psyche
 10370 | Lair:1   | Entered Level 1 of the Lair of Beasts
 10679 | Lair:1   | Identified the +6 scale mail of the Little Devil {rF- rC++
                  | Regen+}
 10742 | Lair:1   | Reached skill level 10 in Armour
 11597 | Lair:2   | Noticed a bog body
 11599 | Lair:2   | Received a gift from Trog
 11603 | Lair:2   | Killed a bog body
 11618 | Lair:2   | Noticed Nergalle
 11750 | Lair:2   | Killed Nergalle
 11871 | Lair:2   | Reached skill level 10 in Dodging
 12007 | Lair:2   | Noticed a wretched star
 12010 | Lair:2   | Noticed a white ugly thing
 12011 | Lair:2   | Noticed diocancan's ghost (journeyman DgAE)
 12013 | Lair:2   | Noticed a soul eater
 12020 | Lair:2   | Found a one-way gate to the infinite horrors of the Abyss.
 12026 | Lair:2   | Found a transporter.
 12031 | Lair:2   | Found a transporter.
 12130 | Lair:2   | Noticed a skyshark
 12137 | Lair:2   | Killed a skyshark
 12138 | Lair:2   | Reached XP level 12. HP: 92/110 MP: 11/11
 12194 | Lair:2   | Found a snail-covered altar of Cheibriados.
 12242 | Lair:2   | Reached skill level 10 in Shields
 12371 | Lair:2   | Noticed a rakshasa
 12835 | Lair:2   | Found a transporter.
 12842 | Lair:2   | Found a transporter.
 12849 | Lair:2   | Found a one-way gate to the infinite horrors of the Abyss.
 13427 | Lair:2   | Found a snail-covered altar of Cheibriados.
 13929 | Lair:2   | Found a staircase to the Swamp.
 14138 | Lair:3   | Reached XP level 13. HP: 107/119 MP: 12/12
 14711 | Lair:3   | Found a runed translucent door.
 15463 | Lair:3   | Found a hole to the Spider Nest.
 16237 | Lair:3   | Engulfed by a fire crab's flame

Illustrated notes

Levels and vault maps discovered:
D:1:      minmay_arrival_plants_in_alcoves, layout_basic,
          ebering_dispersal_statue_hall
D:2:      layout_basic, serial_shops, nicolae_shop_just_a_little_nook,
          chequers_serial_rivers_large_a
D:3:      minmay_skewed_foursquare, layout_rooms, mainiacjoe_overflow_big_doors,
          gammafunk_ghost_icy, serial_curves, eino_curves_01, eino_curves_01,
          uniq_jessica
D:4:      layout_basic, grunt_qazlal_sundering, serial_shops,
          nicolae_inconvenience_store
D:5:      layout_basic, lemuel_mausoleum_altar_yredelemnul,
          minmay_temple_entry_from_below_b, serial_shops,
          nicolae_shop_back_alley_shop, minivault_19
D:6:      layout_loops_ring, lemuel_crystal_altar, general_overflow_altar,
          mainiacjoe_overflow_alcove_1,
          nicolae_dithmenos_through_a_glass_darkly,
          cheibrodos_sewer_entry_sluice, st_stairs_11
D:7:      layout_gridville, minmay_misc_feat_enclosed, serial_park_tiny_2,
          uniq_duvessa, uniq_maggie
D:8:      layout_basic, trog_butcher_becter, serial_undead, serial_undead_f,
          serial_undead_c, serial_undead_c, serial_undead_d
D:9:      layout_roguey, lair_entry_dummy,
          kennysheep_orc_monster_closet_entryway
D:10:     layout_basic, okawaru_humans, corner_web_ring, uniq_psyche
Lair:1:   layout_hall_layers, infiniplex_staircase_pool, lemuel_fruit_tree
Lair:2:   regret_index_wax_grids, layout_regular_city,
          nicolae_swamp_entry_splash_gauntlet, basic_altar,
          gammafunk_ghost_abyssal_escape, uniq_nergalle
Lair:3:   gammafunk_mikee_crab_dinner, layout_layer_cave,
          spider_nest_entry_funnel_web, grunt_megastairs_4, serial_bayou_shore_a

Skill      XL: |  1  2  3  4  5  6  7  8  9 10 11 12 13 |
---------------+----------------------------------------+-----
Fighting       | 4 5 6 7 8 10 11 12 13 | 13.0
Axes           | 4 5 6 7 8 10 11 12 13 | 13.0
Armour         | 3 4 5 6 8 9 10 12 | 12.7
Dodging        | 3 4 5 6 7 8 10 11 | 11.7
Shields        | 1 3 4 6 8 9 11 | 11.9

Action                     |  1- 3 |  4- 6 |  7- 9 | 10-12 | 13-15 || total
---------------------------+-------+-------+-------+-------+-------++-------
  Melee: Hand axe          |    63 |       |       |       |       ||    63
         Headbutt          |     7 |    14 |    57 |    92 |    21 ||   191
         War axe           |    13 |    84 |   264 |   131 |       ||   492
         Punch             |       |     2 |       |       |       ||     2
         Broad axe         |       |       |       |   315 |    89 ||   404
  Throw: Javelin           |       |     1 |     4 |       |       ||     5
         Throwing net      |       |       |     1 |       |       ||     1
 Invoke: Berserk           |     1 |     3 |     3 |     9 |     4 ||    20
         Trog's Hand       |       |       |       |     2 |       ||     2
         Brothers in Arms  |       |       |       |     2 |       ||     2
    Use: Scroll            |       |       |     7 |       |       ||     7
 Armour: Animal skin       |     7 |       |       |       |       ||     7
         Ring mail         |     8 |    42 |    64 |   113 |    30 ||   257
  Dodge: Dodged            |    45 |    51 |    96 |   211 |    48 ||   451
  Block: Kite shield       |       |    15 |   201 |   404 |    90 ||   710
         Reflection        |       |       |     3 |     6 |       ||     9
